AoeStats
← Janko_22

Arena

507826365Analyzed
3v3 RM · 12d ago on Sep 19, 2026· 58m 0s· 6 players
Game mode
Random Map
Map size
Normal (6 player)
Population
200
Speed
Normal
Resources
Standard
Victory
Conquest
Starting age
Dark Age
Ending age
Imperial Age
RankedLock teamsTeams togetherTeam positionsShared explorationLock speedFull tech treeHidden civsTurbo modeCheats
Victory
Defeat
🇱🇻 Shu · Latvia
858
+15
🇨🇳 Chinese · China
836
+16
🇩🇪 Britons · Germany
677
+21
🇷🇺 Burgundians · Russia
829
-18
🇹🇷 Berbers · Türkiye
822
-17
🇮🇹 Khitans · Italy
815
-17
Burum
7:18 Loom
11:27 Feudal Age
10:48 Double-Bit Axe
10:44 Horse Collar
19:25 Castle Age
23:47 Fletching
23:57 Padded Archer Armor
28:20 Bow Saw
28:07 Stone Mining
28:29 Gold Mining
29:52 Forging
29:47 Scale Barding Armor
32:34 Iron Casting
34:42 Wheelbarrow
37:53 Heavy Plow
39:02 Hand Cart
38:34 Town Watch
39:04 Husbandry
39:46 Cavalier
41:03 Fortified Wall
41:16 Ballistics
42:32 Masonry
42:17 Murder Holes
42:39 Burgundian Vineyards
42:44 Murder Holes
44:57 Two-Man Saw
43:35 Elite Skirmisher
47:39 Imperial Age
48:56 Hoardings
49:03 Hoardings
49:35 Chemistry
49:06 Architecture
52:24 Bodkin Arrow
52:44 Leather Archer Armor
53:27 Crop Rotation
53:29 Bracer
54:29 Blast Furnace
53:50 Chain Barding Armor
fahre
12:06 Feudal Age
13:42 Double-Bit Axe
13:50 Horse Collar
14:31 Gold Mining
15:07 Stone Mining
18:59 Castle Age
20:22 Loom
21:44 Town Watch
22:35 Wheelbarrow
24:06 Fletching
24:16 Padded Archer Armor
25:32 Bodkin Arrow
25:53 Leather Archer Armor
25:08 Elite Skirmisher
27:05 Bow Saw
28:15 Gold Shaft Mining
27:49 Heavy Plow
29:15 Forging
30:41 Iron Casting
30:14 Thumb Ring
33:08 Husbandry
33:18 Bloodlines
40:57 Imperial Age
38:46 Hand Cart
38:31 Town Patrol
38:39 Caravan
38:14 Light Cavalry
41:00 Masonry
40:46 Murder Holes
41:20 Ballistics
44:09 Elite Camel Archer
44:25 Man-at-Arms
44:46 Elite Genitour
45:35 Maghrebi Camels
45:10 Hussar
47:09 Long Swordsman
47:51 Squires
49:04 Chemistry
48:11 Siege Engineers
49:22 Blast Furnace
48:23 Bracer
48:53 Ring Archer Armor
48:29 Scale Barding Armor
48:04 Two-Handed Swordsman
51:57 Champion
eugenioragni1
10:21 Feudal Age
13:12 Wheelbarrow
16:35 Castle Age
14:59 Double-Bit Axe
16:40 Gold Mining
18:05 Bow Saw
24:21 Domestication
25:19 Forging
25:15 Scale Barding Armor
27:54 Iron Casting
30:36 Chain Barding Armor
31:15 Pastoralism
32:21 Stone Mining
37:41 Imperial Age
35:30 Hand Cart
38:32 Scale Mail Armor
37:57 Elite Fire Lancer
40:27 Chain Mail Armor
42:06 Elite Steppe Lancer
43:31 Lamellar Armor
44:03 Plate Mail Armor
45:21 Elite Skirmisher
45:26 Elite Genitour
46:20 Fletching
46:31 Padded Archer Armor
47:08 Bodkin Arrow
51:14 Heavy Rocket Cart
Janko_22
11:26 Feudal Age
11:52 Double-Bit Axe
17:55 Castle Age
16:20 Stone Mining
16:15 Horse Collar
19:16 Bow Saw
20:46 Wheelbarrow
23:13 Fletching
23:23 Padded Archer Armor
26:55 Heavy Plow
29:51 Imperial Age
27:23 Town Watch
27:25 Loom
29:18 Hand Cart
29:55 Forging
29:43 Bodkin Arrow
30:03 Leather Archer Armor
29:14 Crossbowman
31:26 Conscription
32:15 Bracer
33:04 Gold Mining
32:57 Elite Skirmisher
35:27 Ring Archer Armor
37:13 Squires
36:59 Gambesons
37:48 Yeomen
37:35 Scale Mail Armor
38:11 Iron Casting
37:42 Scale Barding Armor
39:09 Elite Longbowman
39:28 Man-at-Arms
39:55 Arson
40:53 Gold Shaft Mining
43:15 Blast Furnace
42:30 Chain Mail Armor
41:40 Long Swordsman
43:41 Hoardings
43:13 Capped Ram
43:18 Two-Handed Swordsman
45:26 Chemistry
44:38 Fortified Wall
45:21 Plate Mail Armor
45:24 Ballistics
46:12 Champion
47:44 Pikeman
49:03 Warwolf
AjeziSajirava
9:57 Feudal Age
11:06 Loom
13:54 Castle Age
13:42 Double-Bit Axe
14:11 Horse Collar
33:44 Imperial Age
31:50 Wheelbarrow
31:12 Pikeman
31:53 Squires
31:56 Scale Mail Armor
34:40 Forging
34:22 Halberdier
38:53 Coiled Serpent Array
39:23 Gambesons
40:01 Conscription
40:02 Capped Ram
40:53 Thumb Ring
41:17 Heavy Plow
41:09 Elite Skirmisher
41:43 Fletching
42:09 Chain Mail Armor
42:35 Bodkin Arrow
44:26 Bolt Magazine
45:28 Padded Archer Armor
45:38 Bracer
47:12 Caravan
48:14 Arson
47:49 Man-at-Arms
49:05 Plate Mail Armor
50:11 Chemistry
49:07 Gold Mining
50:00 Leather Archer Armor
49:23 Long Swordsman
53:18 Ballistics
53:09 Masonry
53:57 Guilds
54:13 Murder Holes
53:49 Two-Handed Swordsman
54:44 Champion
56:43 Siege Ram
932618016
0:40 Loom
12:39 Feudal Age
13:18 Double-Bit Axe
13:17 Horse Collar
13:30 Gold Mining
13:31 Stone Mining
23:33 Castle Age
22:54 Arson
23:27 Padded Archer Armor
23:28 Scale Mail Armor
23:19 Fletching
24:08 Forging
26:06 Bow Saw
29:56 Caravan
31:18 Wheelbarrow
30:29 Town Watch
31:08 Masonry
31:19 Ballistics
33:02 Gold Shaft Mining
33:20 Stone Shaft Mining
32:57 Heavy Plow
34:29 Leather Archer Armor
34:29 Chain Mail Armor
34:50 Iron Casting
34:11 Bodkin Arrow
34:28 Thumb Ring
35:49 Squires
36:47 Fortified Wall
41:08 Imperial Age
40:00 Hand Cart
39:46 Town Patrol
42:37 Conscription
41:56 Elite Chu Ko Nu
44:16 Two-Man Saw
46:04 Ring Archer Armor
46:05 Plate Mail Armor
46:36 Blast Furnace
45:44 Bracer
47:51 Architecture
48:22 Chemistry
Connection lost

Rejoining the realm…

Still unreachable

The connection could not be restored.

Session expired

The server has moved on; the page needs a fresh start.